 Dungeon Crawl Stone Soup version 0.24.0-13-gcf9b319 (webtiles) character file.

Game seed: 330322515510625564, levelgen mode: deterministic

63 Fang the Skirmisher (level 4, -1/29 HPs)
             Began as a Gargoyle Berserker on Nov 21, 2019.
             Was a Believer of Trog.
             Slain by Purgy (2 damage)
             ... on level 3 of the Dungeon.
             The game lasted 00:01:57 (2048 turns).

Fang the Skirmisher (Gargoyle Berserker)            Turns: 2048, Time: 00:01:58

Health: -1/29      AC:  6    Str: 22    XL:     4   Next: 9%
Magic:  4/4        EV: 12    Int:  7    God:    Trog [**....]
Gold:   130        SH:  0    Dex:  9    Spells: 3/3 levels left

rFire    . . .     SeeInvis .   a - +0 hand axe
rCold    . . .     Gourm    .   (no shield)
rNeg     + + .     Faith    .   b - +0 animal skin
rPois    ∞         Spirit   .   e - +1 hat
rElec    +         Reflect  .   (no cloak)
rCorr    .         Harm     .   (no gloves)
MR       .....                  (no boots)
Stlth    +.........             (no amulet)
HPRegen  0.09/turn              l - ring of positive energy
MPRegen  0.09/turn              (no ring)

@: no status effects
A: negative energy resistance 1, electricity resistance, unbreathing,
petrification resistance, rot immunity, AC +3
a: Berserk, Trog's Hand, Renounce Religion


You were on level 3 of the Dungeon.
You worshipped Trog.
Trog was pleased with you.
You were not hungry.

You visited 1 branch of the dungeon, and saw 3 of its levels.

You collected 130 gold pieces.

Inventory:

Hand Weapons
 a - a +0 hand axe (weapon)
Armour
 b - a +0 animal skin (worn)
 e - a +1 hat (worn)
Jewellery
 l - a ring of positive energy (left hand)
Scrolls
 f - a scroll of noise {unknown}
 h - 2 scrolls of remove curse {unknown}
 m - 3 scrolls of identify {unknown}
 q - a scroll of teleportation {unknown}
Potions
 d - a potion of mutation {unknown}
 i - a potion of brilliance {unknown}
 j - a potion of curing {unknown}
 k - 3 potions of resistance {unknown}
 n - a potion of agility {unknown}
 o - a potion of heal wounds {unknown}
 p - a potion of degeneration {unknown}
Comestibles
 c - 5 rations
 g - 3 chunks of flesh


   Skills:
 + Level 3.9 Fighting
 + Level 3.1 Axes
 + Level 3.0 Armour
 + Level 2.2 Dodging


You had 3 spell levels left.
You didn't know any spells.
Your spell library was empty.

Dungeon Overview and Level Annotations

Branches:
Dungeon (3/15)

Altars:
Dithmenos
Fedhas
Xom

Annotations:
D:3 Purgy


Innate Abilities, Weirdness & Mutations

You are resistant to torment.
Your stone body is resilient. (AC +3)
You are immune to poison.
You resist negative energy. (rN+)
You are resistant to electric shocks. (rElec)
You can survive without breathing.
You are immune to petrification.
You are immune to rotting.


Message History

The orc throws a boomerang.
The boomerang closely misses you.
The weapon returns to the orc!
The quokka barely misses you.
Purgy barely misses you. x2; Purgy misses you.
The orc throws a boomerang.
The boomerang barely misses you.
The weapon returns to the orc!
You barely miss Purgy. You closely miss the quokka.
The quokka bites you but does no damage.
Purgy bites you.
* * * LOW HITPOINT WARNING * * *
Purgy closely misses you. Purgy claws you.
* * * LOW HITPOINT WARNING * * *
The orc throws a boomerang.
The boomerang misses you.
The weapon returns to the orc!
You hit Purgy.
Purgy is lightly wounded.
You hit the quokka but do no damage.
The quokka bites you but does no damage.
Purgy misses you. Purgy claws you.
* * * LOW HITPOINT WARNING * * *
Purgy claws you.
You die...

#... .. #..# .# ..# .#
#.# .# ###.##.# #).....#
######..or..##.##. #>#
###.........@T......
#.##.#..###....!..[#.###
#.#.###.####.......#
...## ##.# ##...#....#
##..###.## ##.###.#.#
÷....#.)######.# .#.#
...............# .# #
##.##(#.######## >#
##....#.##


You could see Purgy, an orc and a quokka.

Vanquished Creatures
  An adder (D:2)
  3 worms
  A dart slug (D:1)
  2 giant cockroaches (D:2)
  A goblin (D:1)
  8 hobgoblins
  2 quokkas (D:2)
  A ball python (D:2)
  11 bats
  2 frilled lizards (D:1)
  6 kobolds
  4 rats
42 creatures vanquished.

Notes
Turn   | Place    | Note
-------+----------+-------------------------------------------
     0 | D:1      | Fang the Gargoyle Berserker began the quest for the Orb.
     0 | D:1      | Reached XP level 1. HP: 14/14 MP: 1/1
   263 | D:1      | Reached XP level 2. HP: 19/19 MP: 2/2
   853 | D:2      | Reached XP level 3. HP: 14/23 MP: 3/3
  1146 | D:2      | Reached ** piety under Trog
  1727 | D:2      | Found a blossoming altar of Fedhas.
  1772 | D:2      | Found a shadowy altar of Dithmenos.
  1778 | D:2      | Reached XP level 4. HP: 19/29 MP: 4/4
  1949 | D:2      | Found a shimmering altar of Xom.
  2042 | D:3      | Noticed Purgy
  2048 | D:3      | HP: 1/29 [Purgy (3)]
  2048 | D:3      | Slain by Purgy

Levels and vault maps discovered:
D:1:      dpeg_arrival_shelter, layout_basic
D:2:      layout_basic, chequers_temple_overflow_statue_of_worship,
          lemuel_coloured_pillars_altar, first_ration
D:3:      layout_loops_ring, lemuel_round_altar, portal_sewer_entry_f,
          minmay_rat_hole, uniq_purgy

Skill      XL: |  1  2  3  4 |
---------------+-------------+-----
Axes           | 3 |  3.1
Dodging        | 2 |  2.2
Armour         | 3 |  3.0
Fighting       | |  3.9

Action                   |  1- 3 |  4- 6 || total
-------------------------+-------+-------++-------
Melee: Hand axe          |   135 |    15 ||   150
Invok: Berserk           |     3 |       ||     3
  Eat: Chunk             |     4 |     2 ||     6
Armor: Animal skin       |    74 |     7 ||    81
Dodge: Dodged            |    99 |    19 ||   118
